 Dungeon Crawl Stone Soup version 0.23.2-40-g277498a001 (webtiles) character file.

Game seed: 6378537884853385274

1342 Glamhuggeren the Slasher (level 8, -3/68 HPs)
             Began as a Demonspawn Fighter on Oct 10, 2019.
             Was an Initiate of Okawaru.
             Slain by an orc warrior
             ... wielding a +0 trident
              (8 damage)
             ... on level 6 of the Dungeon.
             The game lasted 00:27:10 (7509 turns).

Glamhuggeren the Slasher (Demonspawn Fighter)       Turns: 7509, Time: 00:27:11

Health: -3/68      AC:  8    Str: 19    XL:     8   Next: 35%
Magic:  0/8        EV: 11    Int:  9    God:    Okawaru [......]
Gold:   433        SH:  9    Dex: 13    Spells: 7/7 levels left

rFire    . . .     SeeInvis .   a - +0 long sword
rCold    . . .     Gourm    .   c - +0 shield
rNeg     . . .     Faith    .   z - +2 robe {MR+}
rPois    .         Spirit   +   (no helmet)
rElec    .         Reflect  .   q - +0 cloak
rCorr    .         Harm     .   (no gloves)
MR       +....                  (no boots)
Stlth    ++........             d - amulet of guardian spirit
HPRegen  0.21/turn              h - +2 ring of evasion
MPRegen  0.11/turn              (no ring)

@: no status effects
A: claws 1, rugged brown scales 3, nightstalker 1
a: Renounce Religion


You were on level 6 of the Dungeon.
You worshipped Okawaru.
Okawaru was noncommittal.
You were not hungry.

You visited 2 branches of the dungeon, and saw 7 of its levels.

You collected 433 gold pieces.

Inventory:

Hand Weapons
 a - a +0 long sword (weapon)
 u - a +0 hunting sling
 x - a +1 dagger of flaming
Missiles
 g - 269 stones
 i - 38 sling bullets
 j - 10 poisoned needles
 y - 7 tomahawks (quivered)
Armour
 b - a +0 scale mail
 c - a +0 shield (worn)
 p - a +0 ring mail
 q - a +0 cloak (worn)
 s - a +0 buckler
 z - a +2 robe of magic resistance (worn)
Jewellery
 d - an amulet of guardian spirit (around neck)
 h - a +2 ring of evasion (left claw)
Wands
 B - a wand of flame (24)
Scrolls
 e - 2 scrolls of identify {unknown}
 k - 5 scrolls of fog {unknown}
 l - a scroll of amnesia {unknown}
 m - 3 scrolls of enchant armour {unknown}
 n - 2 scrolls of teleportation {unknown}
 o - 3 scrolls of magic mapping {unknown}
 r - 2 scrolls of remove curse {unknown}
 t - a scroll of enchant weapon {unknown}
Potions
 v - 3 potions of flight
Comestibles
 f - 15 rations
 w - 2 chunks of flesh


   Skills:
 + Level 5.8 Fighting
 + Level 2.6(4.9) Short Blades
 * Level 6.5(6.8) Long Blades
 - Level 4.0 Armour
 - Level 4.0 Shields


You had 7 spell levels left.
You didn't know any spells.
Your spell library was empty.

Dungeon Overview and Level Annotations

Branches:
Dungeon (6/15)             Temple (1/1) D:5

Altars:
Ashenzari
Cheibriados
Dithmenos
Elyvilon
Gozag
Hepliaklqana
Kikubaaqudgha
Makhleb
Nemelex Xobeh
Okawaru
Ru
Sif Muna
Trog
Vehumet
Wu Jian
Xom
Yredelemnul
Zin
The Shining One

Annotations:
D:3 2 runed translucent doors, grouchysmurf's ghost, amateur HONe


Innate Abilities, Weirdness & Mutations

You have sharp fingernails.
You are completely covered in rugged brown scales. (AC +3, +7% HP)
You are slightly more attuned to the shadows.


Message History

Okawaru accepts your kill. You block the orc warrior's attack.
The orc warrior closely misses you.
You see here a +0 scale mail.
You barely miss the orc warrior. You block the orc warrior's attack.
You hit the orc warrior but do no damage.
The orc warrior hits you with a +0 trident!
* * * LOW HITPOINT WARNING * * *
You slash the orc warrior!
The orc warrior is moderately wounded.
The orc warrior hits you with a +0 trident.
* * * LOW HITPOINT WARNING * * *
You hit the orc warrior but do no damage.
The orc warrior is moderately wounded.
The orc warrior hits you with a +0 trident!
* * * LOW HITPOINT WARNING * * *
You hit the orc warrior.
The orc warrior is moderately wounded.
The orc warrior hits you with a +0 trident!
You die...

##...#...........
###########....#...........
........#.......#..#.#.....
........#.......#.....#####
.).....####...####..#..(# #
........#.......#..####.###
..>.....#...#...#..# ##..##
.o......###'#+###..# #...<.
......#..o@)#.....####.....
......#.....#_....#........
..F...#...#####...####.....
......#F....#.....# #.....
......#.....#.....####.....
........###+#+###..........
...# #...####### ##.. #...#
##..#


You could see an orc warrior and a bullfrog.

Vanquished Creatures
  A sky beast (D:5)
  3 ogres (D:4)
  2 bullfrogs (D:6)
  2 crimson imps (D:5)
  6 orc priests
  A jelly (D:6)
  2 centaur skeletons (D:5)
  4 orc wizards
  A bullfrog skeleton (D:4)
  2 iguanas
  4 worker ants
  A hound skeleton (D:6)
  3 gnolls (D:4)
  6 adders
  3 shadow imps
  4 worms
  2 dart slugs
  3 leopard geckos
  26 orcs
  9 giant cockroaches
  5 goblins
  7 hobgoblins
  17 jackals
  A ball python (D:3)
  6 bats
  6 frilled lizards
  7 kobolds
  A leopard gecko skeleton (D:5)
  A quokka skeleton (D:4)
  5 rats
141 creatures vanquished.

Notes
Turn   | Place    | Note
-------+----------+-------------------------------------------
     0 | D:1      | Glamhuggeren the Demonspawn Fighter began the quest for the
                  | Orb.
     0 | D:1      | Reached XP level 1. HP: 18/18 MP: 1/1
    50 | D:1      | You fall through a shaft!
    68 | D:1      | Reached skill level 2 in Long Blades
   227 | D:1      | Gained mutation: You have sharp fingernails. [demonic
                  | ancestry]
   227 | D:1      | Reached XP level 2. HP: 20/24 MP: 2/2
   947 | D:2      | Gained mutation: You are partially covered in rugged brown
                  | scales. (AC +1, +3% HP) [demonic ancestry]
   947 | D:2      | Reached XP level 3. HP: 24/29 MP: 3/3
  1561 | D:2      | Gained mutation: You are slightly more attuned to the
                  | shadows. [demonic ancestry]
  1561 | D:2      | Reached XP level 4. HP: 36/36 MP: 4/4
  1730 | D:3      | Reached skill level 3 in Long Blades
  2193 | D:3      | Found a large runed translucent door.
  2194 | D:3      | Found a large runed translucent door.
  2197 | D:3      | Noticed grouchysmurf's ghost (amateur HONe)
  2681 | D:4      | Noticed an ogre
  2690 | D:4      | Killed an ogre
  2690 | D:4      | Reached XP level 5. HP: 4/43 MP: 5/5
  2973 | D:4      | Noticed an ogre
  3043 | D:4      | Reached XP level 6. HP: 33/49 MP: 6/6
  3281 | D:4      | Reached skill level 4 in Long Blades
  4098 | D:4      | Gained mutation: You are mostly covered in rugged brown
                  | scales. (AC +2, +5% HP) [demonic ancestry]
  4098 | D:4      | Reached XP level 7. HP: 57/57 MP: 7/7
  4280 | D:5      | Entered Level 5 of the Dungeon
  4320 | D:5      | Reached skill level 5 in Long Blades
  4737 | D:5      | Reached skill level 1 in Short Blades
  4764 | D:5      | Reached skill level 5 in Fighting
  5315 | D:5      | Found a staircase to the Ecumenical Temple.
  5323 | Temple   | Entered the Ecumenical Temple
  5478 | Temple   | Became a worshipper of Warmaster Okawaru
  5810 | D:5      | Gained mutation: You are completely covered in rugged brown
                  | scales. (AC +3, +7% HP) [demonic ancestry]
  5810 | D:5      | Reached XP level 8. HP: 7/66 MP: 0/8
  6062 | D:6      | Reached skill level 6 in Long Blades
  6754 | D:6      | Found an ornate altar of the Wu Jian Council.
  7166 | D:6      | Found a sacrificial altar of Ru.
  7326 | D:6      | Found a shimmering altar of Xom.
  7509 | D:6      | Slain by an orc warrior

Skill      XL: |  1  2  3  4  5  6  7  8 |
---------------+-------------------------+-----
Long Blades    | 2 3 4 5 6 |  6.5
Armour         | 3 4 |  4.0
Shields        | 3 4 |  4.0
Fighting       | 4 5 |  5.8
Short Blades   | 1 2 |  2.6

Action                   |  1- 3 |  4- 6 |  7- 9 || total
-------------------------+-------+-------+-------++-------
Melee: Long sword        |   145 |    84 |    66 ||   295
       Dagger            |       |   166 |   406 ||   572
Throw: Tomahawk          |       |       |     7 ||     7
  Use: Potion            |       |     6 |     5 ||    11
 Stab: Sleeping          |       |     3 |     1 ||     4
  Eat: Chunk             |     2 |     5 |    12 ||    19
       Ration            |       |     1 |       ||     1
Armor: Scale mail        |     9 |       |       ||     9
       Ring mail         |    47 |    60 |    56 ||   163
       Robe              |       |       |    55 ||    55
Dodge: Dodged            |    50 |   117 |   186 ||   353
Block: Shield            |    67 |    21 |    21 ||   109
       Buckler           |       |    33 |    78 ||   111
       Rpst.: Long sword |    22 |    11 |     6 ||    39
